 Dungeon Crawl Stone Soup version 0.30-a0-800-g7c544603b3 (webtiles) character file.

Game seed: 9550736856554422390

102 Newt the Trooper (level 4, -5/38 HPs)
             Began as a Demonspawn Gladiator on Feb 22, 2023.
             Killed by nerve-wracking pain
             ... invoked by Grinder
              (11 damage)
             ... on level 3 of the Dungeon.
             The game lasted 00:02:24 (1831 turns).

Newt the Trooper (Demonspawn Gladiator)             Turns: 1831, Time: 00:02:24

Health: -5/38      AC:  3    Str: 16    XL:     4   Next: 50%
Magic:  4/4        EV: 12    Int:  9    God:
Gold:   122        SH:  0    Dex: 15    Spells: 3/3 levels left

rFire   . . .      SeeInvis .    a - +0 rapier
rCold   + . .      Faith    .    (no shield)
rNeg    . . .      Spirit   .    b - +0 leather armour
rPois   .          Reflect  .    (helmet restricted)
rElec   .          Harm     .    (no cloak)
rCorr   .          Rampage  .    (no gloves)
Will    .....                    (no boots)
Stlth   ++                       (no amulet)
HPRegen 0.26/turn                f - ring of protection from cold
MPRegen 0.09/turn                (no ring)

@: no status effects
A: horns 1, demonic guardian 1
a: no special abilities


You were on level 3 of the Dungeon.
You visited 1 branch of the dungeon, and saw 3 of its levels.

You collected 122 gold pieces.

Inventory:

Hand Weapons
 a - a +0 rapier (weapon)
Missiles
 d - 2 throwing nets (quivered)
 e - a javelin
Armour
 b - a +0 leather armour (worn)
 c - a +0 helmet
Jewellery
 f - a ring of protection from cold (left hand)
 m - a +4 ring of slaying
Scrolls
 h - a scroll of teleportation
 i - a scroll of identify {unknown}
 l - a scroll of amnesia {unknown}


   Skills:
 + Level 4.4 Fighting
 - Level 2.6 Short Blades
 - Level 1.7 Throwing
 - Level 2.6 Dodging
 - Level 1.5 Stealth


You had 3 spell levels left.
You didn't know any spells.
Your spell library contained the following spells:

 Spells                   Type           Power      Damage    Failure   Level
 Dazzling Flash           Conj/Hex       0%         N/A       83%         3
 Agony                    Necr           0%         N/A       100%        5
 Silence                  Hex/Air        0%         N/A       100%        5


Dungeon Overview and Level Annotations

Branches:
Dungeon (3/15)

Altars:

Annotations:
D:3 Grinder


Innate Abilities, Weirdness & Mutations

You have a pair of small horns on your head.
A weak demonic guardian rushes to your aid.


Message History

You hit Grinder.
Grinder is moderately wounded.
Grinder hits you.
You writhe in agony.
The rat bites you.
You barely miss Grinder.
Grinder is moderately wounded.
Grinder hits you but does no damage. The rat closely misses you.
You hit Grinder. You headbutt Grinder, but do no damage.
Grinder is heavily wounded.
Grinder hits you!
You writhe in agony.
The rat bites you.
You hit Grinder but do no damage.
Grinder is heavily wounded.
Grinder hits you.
You writhe in agony.
* * * LOW HITPOINT WARNING * * *
A demonic guardian appears!
The rat bites you.
* * * LOW HITPOINT WARNING * * *
Throw: 3 throwing nets
Press: ? - help, Q - select action, (/) - cycle Shift-Dir - straight line, f/p - Grinder
Aim: Grinder (heavily wounded, 57% to hit)
You throw a throwing net. The throwing net hits Grinder.
Grinder is caught in the net!
Grinder is heavily wounded.
Your ufetubus closely misses the rat.
Your ufetubus hits the rat. The rat barely misses you. Grinder gestures at you.
You barely resist.
Grinder struggles against the net.
You hit Grinder but do no damage.
Grinder is heavily wounded.
Your ufetubus barely misses the rat.
Your ufetubus hits the rat.
The rat dies!
You hit Grinder. Your headbutt misses Grinder.
Grinder is heavily wounded.
Your ufetubus hits Grinder but does no damage.
Your ufetubus hits Grinder.
Grinder struggles against the net.
You hit Grinder but do no damage.
Grinder is severely wounded.
Your ufetubus hits Grinder but does no damage.
Your ufetubus hits Grinder. Grinder gestures at you.
Pain shoots through your body!
You die...

.........#..###
#.......##...#
#######........#.#.#
................>#.#
..............####..
..............#######
.................#
.......5†..#####.#
......5@.(.........
............##.#. ##
########........
#........ ..........
.PPP...P...
..≈~.......
~≈≈≈~!..P.


You could see Grinder (caught, ally target) and a friendly ufetubus (summoned).

Vanquished Creatures
  3 gnolls (D:2)
  2 adders
  A worm (D:2)
  3 bats
  4 endoplasms
  A giant cockroach (D:1)
  4 goblins
  6 hobgoblins
  4 jackals (D:3)
  5 kobolds
  3 quokkas
  7 ball pythons
  A frilled lizard (D:1)
  4 rats
48 creatures vanquished.

Vanquished Creatures (collateral kills)
  A rat (D:3)
1 creature vanquished.

Grand Total: 49 creatures vanquished

Notes
Turn   | Place    | Note
-------+----------+-------------------------------------------
     0 | D:1      | Newt the Demonspawn Gladiator began the quest for the Orb.
     0 | D:1      | Reached XP level 1. HP: 16/16 MP: 1/1
    67 | D:1      | Reached skill level 1 in Stealth
   134 | D:1      | Gained mutation: You have a pair of small horns on your
                  | head. [demonic ancestry]
   134 | D:1      | Reached XP level 2. HP: 19/22 MP: 2/2
   475 | D:1      | Reached skill level 3 in Fighting
   557 | D:2      | Reached XP level 3. HP: 29/29 MP: 3/3
  1026 | D:2      | HP: 2/43 [gnoll/+0 spear (3)]
  1032 | D:2      | Reached skill level 4 in Fighting
  1032 | D:2      | Gained mutation: A weak demonic guardian rushes to your
                  | aid. [demonic ancestry]
  1032 | D:2      | Reached XP level 4. HP: 3/37 MP: 4/4
  1805 | D:3      | Noticed Grinder
  1831 | D:3      | Killed from afar by Grinder

Illustrated notes

Levels and vault maps discovered:
D:1:      dpeg_arrival_erosion, layout_rooms
D:2:      layout_loops_ring
D:3:      layout_basic, mainiacjoe_overflow_tiny_flanked,
          nicolae_overflow_crystal_walls, grunt_ministairs_9,
          guppyfry_early_lair_pool, uniq_grinder

Skill      XL: |  1  2  3 |
---------------+----------+-----
Stealth        | 1 |  1.5
Fighting       | 3 4 |  4.4
Short Blades   | |  2.6
Throwing       | |  1.7
Dodging        | |  2.6

Action                     |  1- 3 |  4- 6 || total
---------------------------+-------+-------++-------
  Melee: Rapier            |   104 |    50 ||   154
         Punch             |     2 |       ||     2
         Headbutt          |    12 |     9 ||    21
  Throw: Throwing net      |     3 |     1 ||     4
         Dart              |     2 |     3 ||     5
         Javelin           |     1 |     1 ||     2
    Use: Scroll            |     2 |       ||     2
         Potion            |     2 |       ||     2
   Stab: Sleeping          |     2 |     3 ||     5
         Held in net/web   |     1 |       ||     1
 Armour: Leather armour    |    18 |    12 ||    30
         Skin              |     7 |       ||     7
  Dodge: Dodged            |    78 |    39 ||   117

Table legend: (Time is in decaauts)
 A = Elapsed time spent in this place.
 B = Non-inter-level travel time spent in this place.
 C = Inter-level travel time spent in this place.
 D = Time resting spent in this place.
 E = Time spent auto-exploring this place.
 F = Levels seen in this place.
 G = Mean time per level.
                   A        B        C        D        E       F      G
               +--------+--------+--------+--------+--------+-----+--------+
         Total |   1840 |   1797 |     43 |    341 |   1106 |   3 |  613.3 |
       Dungeon |   1840 |   1797 |     43 |    341 |   1106 |   3 |  613.3 |
               +--------+--------+--------+--------+--------+-----+--------+

Top non-repeatable levels by time:
     D:2: 1084 daAuts
     D:1: 553 daAuts
     D:3: 202 daAuts
